 Dungeon Crawl Stone Soup version 0.26-a0-54-g15ccc7ae60 (webtiles) character file.

Game seed: 8388736168900328640

30 Ozzies the Skirmisher (level 3, 0/24 HPs)
             Began as a Gargoyle Fighter on June 8, 2020.
             Slain by a centaur (6 damage)
             ... on level 2 of the Dungeon.
             The game lasted 00:01:56 (1045 turns).

Ozzies the Skirmisher (Gargoyle Fighter)            Turns: 1045, Time: 00:01:57

Health: 0/24       AC: 10    Str: 20    XL:     3   Next: 20%
Magic:  3/3        EV:  7    Int:  8    God:
Gold:   62         SH:  9    Dex:  9    Spells: 2/2 levels left

rFire    . . .     SeeInvis .   m - +0 whip
rCold    . . .     Gourm    .   c - +0 kite shield
rNeg     + . .     Faith    .   b - +0 scale mail
rPois    ∞         Spirit   .   (no helmet)
rElec    +         Reflect  .   (no cloak)
rCorr    .         Harm     .   (no gloves)
MR       .....                  (no boots)
Stlth    ..........             (no amulet)
HPRegen  0.08/turn              (no ring)
MPRegen  0.08/turn              (no ring)

@: no status effects
A: negative energy resistance 1, electricity resistance, unbreathing,
petrification resistance, rot immunity, AC +3
a: no special abilities


You were on level 2 of the Dungeon.
You were not hungry.

You visited 1 branch of the dungeon, and saw 2 of its levels.

You collected 62 gold pieces.

Inventory:

Hand Weapons
 a - a +0 flail
 m - a +0 whip (weapon)
Armour
 b - a +0 scale mail (worn)
 c - a +0 kite shield (worn)
Scrolls
 e - 7 scrolls of teleportation {unknown}
 g - a scroll of random uselessness {unknown}
 h - 4 scrolls of remove curse {unknown}
 k - a scroll of enchant weapon {unknown}
 l - a scroll of identify {unknown}
Potions
 d - a potion of might
 i - a potion of curing {unknown}
 j - a potion of ambrosia {unknown}
Comestibles
 f - 5 rations


   Skills:
 * Level 3.8 Fighting
 + Level 2.3 Maces & Flails
 + Level 3.6 Armour
 + Level 3.6 Shields


You had 2 spell levels left.
You didn't know any spells.
Your spell library was empty.

Dungeon Overview and Level Annotations

Branches:
Dungeon (2/15)

Altars:


Innate Abilities, Weirdness & Mutations

You are resistant to torment.
Your stone body is resilient. (AC +3)
You are immune to poison.
You resist negative energy. (rN+)
You are resistant to electric shocks. (rElec)
You can survive without breathing.
You are immune to petrification.
You are immune to rotting.


Message History

You hit the centaur but do no damage.
The centaur is lightly wounded.
The centaur hits you.
* * * LOW HITPOINT WARNING * * *
The centaur barely misses you.
You hit the centaur.
The centaur is moderately wounded.
The centaur barely misses you. You block the centaur's attack.
You hit the centaur.
The centaur is moderately wounded.
You block the centaur's attack.
You hit the centaur but do no damage.
The centaur is moderately wounded.
The centaur hits you.
* * * LOW HITPOINT WARNING * * *
The centaur hits you but does no damage.
You hit the centaur.
The centaur is heavily wounded.
The centaur hits you.
You die...

###########
#......[..# ###
#.#######.#
##.###.##### #..
.>.######..........#
#.#
......c@((((.#.###.#
#.# ...######...##.#
#.###.# ##.###.#
#...... #.# #..
..... #.# ### ##..
##+# #.. ##...## ##.
##.....## ####.
##.......## ##.##.


You could see a centaur.

Vanquished Creatures
  An adder (D:2)
  A worm (D:2)
  A bat (D:1)
  A goblin (D:1)
  3 hobgoblins (D:1)
  2 jackals (D:1)
  2 frilled lizards (D:1)
  7 kobolds
  A rat (D:1)
19 creatures vanquished.

Notes
Turn   | Place    | Note
-------+----------+-------------------------------------------
     0 | D:1      | Ozzies the Gargoyle Fighter began the quest for the Orb.
     0 | D:1      | Reached XP level 1. HP: 14/14 MP: 1/1
   279 | D:1      | Reached XP level 2. HP: 15/19 MP: 2/2
   822 | D:2      | Reached XP level 3. HP: 19/24 MP: 3/3
  1034 | D:2      | Noticed a centaur
  1045 | D:2      | Slain by a centaur

Illustrated notes

Levels and vault maps discovered:
D:1:      mrwooster_arrival_statue_2, layout_basic
D:2:      layout_loops_corners, marbit_many_paths, first_ration

Action                   || total
-------------------------++-------
Melee: Flail             ||    26
       Whip              ||    36
Armor: Scale mail        ||    21
Dodge: Dodged            ||    16
Block: Kite shield       ||    33

Table legend:
 A = Non-vault XP
 B = Vault XP
 C = Vault XP percentage of total XP
 D = Non-vault monster count
 E = Vault monster count
 F = Vault count percentage of total count
                 A         B        C        D         E       F
            +---------+---------+-------+---------+---------+-------
      Total |      44 |       0 |   0.0 |      19 |       0 |   0.0
            +---------+---------+-------+---------+---------+-------
        D:1 |      24 |       0 |   0.0 |      16 |       0 |   0.0
        D:2 |      20 |       0 |   0.0 |       3 |       0 |   0.0
            +---------+---------+-------+---------+---------+-------
